 Dungeon Crawl Stone Soup version 0.24.0-123-gd5b16e6ec5 (webtiles) character file.

Game seed: 11947215081756785287, levelgen mode: deterministic

10493 Bergy the Bludgeoner (level 11, -5/61 HPs)
             Began as a Gargoyle Fighter on Dec 26, 2019.
             Was a Believer of Makhleb.
             Slain by a five-headed hydra (8 damage)
             ... on level 1 of the Lair of Beasts.
             The game lasted 00:43:09 (12986 turns).

Bergy the Bludgeoner (Gargoyle Fighter)            Turns: 12986, Time: 00:43:10

Health: -5/61      AC: 25    Str: 23    XL:     11   Next: 63%
Magic:  11/11      EV: 10    Int:  9    God:    Makhleb [**....]
Gold:   534        SH: 12    Dex:  9    Spells: 10/10 levels left

rFire    + . .     SeeInvis .   q - +2 mace (venom)
rCold    + . .     Gourm    .   k - +1 shield {AC+3}
rNeg     + . .     Faith    .   w - +0 chain mail {rF+}
rPois    ∞         Spirit   .   (no helmet)
rElec    +         Reflect  .   B - +1 cloak of Starlight {rElec rC+ EV+4 Stlth--}
rCorr    +         Harm     .   (no gloves)
MR       .....                  b - +2 pair of boots
Stlth    ..........             (no amulet)
HPRegen  0.20/turn              j - +3 ring of slaying
MPRegen  0.12/turn              z - ring of resist corrosion

@: no status effects
A: negative energy resistance 1, electricity resistance, unbreathing,
petrification resistance, rot immunity, AC +8
a: Minor Destruction, Renounce Religion


You were on level 1 of the Lair of Beasts.
You worshipped Makhleb.
Makhleb was pleased with you.
You were not hungry.

You visited 3 branches of the dungeon, and saw 13 of its levels.

You collected 534 gold pieces.

Inventory:

Hand Weapons
 i - a +2 antimagic mace
 q - a +2 mace of venom (weapon)
 H - a +0 morningstar
Armour
 b - a +2 pair of boots (worn)
 k - a +1 shield of protection (worn)
 w - a +0 chain mail of fire resistance (worn)
 B - the +1 cloak of Starlight (worn) {rElec rC+ EV+4 Stlth--}
   (You found it on level 10 of the Dungeon)

   It affects your evasion (+4).
   It protects you from cold.
   It insulates you from electricity.
   It makes you much less stealthy.
 C - a +0 plate armour
Jewellery
 j - a +3 ring of slaying (left hand)
 z - a ring of resist corrosion (right hand)
Wands
 c - a wand of polymorph (9)
 d - a wand of flame (21)
 y - a wand of acid (12)
 D - a wand of random effects (14)
 I - a wand of iceblast (16)
 K - a wand of enslavement (8)
Scrolls
 e - 2 scrolls of fear {unknown}
 g - a scroll of enchant weapon {unknown}
 h - 8 scrolls of remove curse
 l - 2 scrolls of immolation
 m - 2 scrolls of fog
 o - a scroll of holy word {unknown}
 p - a scroll of enchant armour {unknown}
 r - 2 scrolls of teleportation
 s - a scroll of random uselessness {unknown}
 t - 4 scrolls of magic mapping
 u - a scroll of noise {unknown}
 v - 2 scrolls of identify
Potions
 a - a potion of magic
 n - a potion of lignification
 x - 4 potions of haste
 E - 3 potions of flight
 G - a potion of brilliance
Comestibles
 f - 28 rations


   Skills:
 - Level 4.2 Fighting
 * Level 15.5 Maces & Flails
 - Level 4.2 Armour
 + Level 8.2 Shields


You had 10 spell levels left.
You didn't know any spells.
Your spell library was empty.

Dungeon Overview and Level Annotations

Branches:
Dungeon (11/15)            Temple (1/1) D:5            Lair (1/6) D:11
    Orc (0/2) D:9

Altars:
Ashenzari
Cheibriados
Dithmenos
Elyvilon
Fedhas
Gozag
Hepliaklqana
Kikubaaqudgha
Makhleb
Nemelex Xobeh
Okawaru
Qazlal
Ru
Sif Muna
Trog
Uskayaw
Vehumet
Wu Jian
Xom
Yredelemnul
Zin
The Shining One

Annotations:
D:2 exclusion: oklob plant
D:3 2 runed translucent doors, Thomus's ghost, novice DECj


Innate Abilities, Weirdness & Mutations

You are resistant to torment.
Your stone body is resilient. (AC +8)
You are immune to poison.
You resist negative energy. (rN+)
You are resistant to electric shocks. (rElec)
You can survive without breathing.
You are immune to petrification.
You are immune to rotting.


Message History

The five-headed hydra completely misses you.
The five-headed hydra bites you!
* * * LOW HITPOINT WARNING * * *
All of the chunks of flesh in your inventory have rotted away.
Your shield and chain mail prevent you from hitting the five-headed hydra.
The five-headed hydra is heavily wounded.
The five-headed hydra bites you but does no damage. x2
You block the five-headed hydra's attack.
The five-headed hydra bites you.
* * * LOW HITPOINT WARNING * * *
You block the five-headed hydra's attack.
You hit the five-headed hydra.
The five-headed hydra looks as sick as possible!
The five-headed hydra is heavily wounded.
You sock the five-headed hydra!
The five-headed hydra looks as sick as possible!
The five-headed hydra is severely wounded.
The five-headed hydra bites you but does no damage.
The five-headed hydra bites you!
You die...

....##
#...####P..#
##...###..##
##.##
#.....#...#
#.#
.......+..#
#.##
8.....8...##
#..#
.......+...#
#.##
.#...###..##
#.##
##...###..#
#.P#
#...##..÷÷#
#@##
...##.....#
##D#
..#####...#
#..# ..#
#...#
##.########
### #...##
#P.........
#....#
##.........
#...##
##...######
#...# #...##
#...# ##..#


You could see a five-headed hydra.

Vanquished Creatures
  A hydra (Lair:1)
  A tengu warrior (D:10)
  Sonja (Lair:1)
  A wizard (D:10)
  An orc knight (D:11)
  Pikel (D:7)
  An ugly thing (D:10)
  An orc sorcerer (D:10)
  2 gargoyles
  A tengu conjurer (D:11)
  2 trolls
  Grinder (D:5)
  3 hippogriffs
  A spriggan (D:9)
  Eustachio (D:6)
  A wyvern (D:8)
  A hungry ghost (D:8)
  A steam dragon (D:11)
  6 orc warriors
  A sky beast (D:6)
  2 porcupines (Lair:1)
  2 ice beasts
  4 slaves (D:7)
  A phantom (D:4)
  5 ogres
  3 centaurs
  A crocodile (Lair:1)
  A big kobold (D:8)
  A bullfrog (D:11)
  A wyvern zombie (D:11)
  A scorpion (D:9)
  8 wights
  An electric eel (D:9)
  3 howler monkeys
  5 crimson imps
  A bullfrog zombie (D:6)
  6 orc wizards
  6 orc priests
  4 hounds
  A jelly (D:5)
  5 bullfrog skeletons
  A centaur skeleton (D:8)
  4 worker ants
  A hound zombie (D:11)
  Robin (D:2)
  A worker ant zombie (D:8)
  A howler monkey skeleton (D:4)
  7 adders
  3 shadow imps
  An ooze (D:2)
  3 adder skeletons
  A worm (D:2)
  6 leopard geckos
  42 orcs
  4 ball pythons
  2 bats
  6 giant cockroaches
  18 goblins
  10 hobgoblins
  12 jackals
  10 kobolds
  5 quokkas
  A ball python skeleton (D:4)
  4 frilled lizards
  A quokka skeleton (D:7)
  12 rats
248 creatures vanquished.

Vanquished Creatures (others)
  An orc (D:9)
  A plant (Lair:1)
2 creatures vanquished.

Grand Total: 250 creatures vanquished

Notes
Turn   | Place    | Note
-------+----------+-------------------------------------------
     0 | D:1      | Bergy the Gargoyle Fighter began the quest for the Orb.
     0 | D:1      | Reached XP level 1. HP: 14/14 MP: 1/1
    89 | D:1      | Reached XP level 2. HP: 19/19 MP: 2/2
   223 | D:1      | Reached skill level 3 in Maces & Flails
   696 | D:1      | Reached XP level 3. HP: 22/23 MP: 3/3
  1069 | D:2      | Found a blossoming altar of Fedhas.
  1080 | D:2      | Noticed an oklob plant
  1181 | D:2      | Found a radiant altar of Vehumet.
  1192 | D:2      | Reached skill level 4 in Maces & Flails
  1219 | D:2      | Reached XP level 4. HP: 25/28 MP: 4/4
  1342 | D:2      | Noticed Robin
  1391 | D:2      | Killed Robin
  1593 | D:2      | Found a glowing golden altar of the Shining One.
  2345 | D:2      | Reached skill level 5 in Maces & Flails
  2348 | D:2      | Reached XP level 5. HP: 31/32 MP: 5/5
  2547 | D:3      | Found a large runed translucent door.
  2548 | D:3      | Found a large runed translucent door.
  2550 | D:3      | Noticed Thomus's ghost (novice DECj)
  3170 | D:4      | Reached skill level 6 in Maces & Flails
  3170 | D:4      | Reached XP level 6. HP: 30/37 MP: 6/6
  3269 | D:4      | Noticed a phantom
  3305 | D:4      | Killed a phantom
  3933 | D:5      | Entered Level 5 of the Dungeon
  3939 | D:5      | Reached skill level 7 in Maces & Flails
  4023 | D:5      | Reached XP level 7. HP: 37/41 MP: 7/7
  4224 | D:5      | Noticed Grinder
  4228 | D:5      | Reached skill level 8 in Maces & Flails
  4259 | D:5      | Paralysed by Grinder for 5 turns
  4274 | D:5      | Killed Grinder
  4330 | D:5      | Found a staircase to the Ecumenical Temple.
  4342 | Temple   | Entered the Ecumenical Temple
  4467 | Temple   | Became a worshipper of Makhleb the Destroyer
  4517 | D:5      | Reached skill level 9 in Maces & Flails
  4576 | D:5      | Reached XP level 8. HP: 45/46 MP: 8/8
  4615 | D:5      | Found a blossoming altar of Fedhas.
  4615 | D:5      | Found an opulent altar of Gozag.
  4895 | D:6      | Found a radiant altar of Vehumet.
  5094 | D:6      | Reached skill level 10 in Maces & Flails
  5420 | D:6      | Noticed Eustachio
  5576 | D:6      | Killed Eustachio
  6081 | D:6      | Reached skill level 11 in Maces & Flails
  6346 | D:7      | Reached XP level 9. HP: 51/51 MP: 9/9
  6419 | D:7      | Reached * piety under Makhleb
  6601 | D:7      | Noticed Pikel
  6632 | D:7      | Killed Pikel
  6656 | D:7      | Reached skill level 12 in Maces & Flails
  7882 | D:8      | Found an ornate altar of the Wu Jian Council.
  8094 | D:8      | Reached skill level 13 in Maces & Flails
  8686 | D:9      | Found a snail-covered altar of Cheibriados.
  8759 | D:9      | Noticed a troll
  8770 | D:9      | Killed a troll
  8770 | D:9      | Reached XP level 10. HP: 18/56 MP: 10/10
  9113 | D:9      | Found a glowing silver altar of Zin.
  9163 | D:9      | Reached ** piety under Makhleb
  9279 | D:9      | Found a staircase to the Orcish Mines.
  9947 | D:10     | Entered Level 10 of the Dungeon
  9961 | D:10     | Noticed a gargoyle
 10000 | D:10     | Killed a gargoyle
 10000 | D:10     | Reached skill level 5 in Shields
 10531 | D:10     | Found the +1 cloak of Starlight {rElec rC+ EV+4 Stlth--}
 10532 | D:10     | Noticed a wizard
 10533 | D:10     | Noticed an orc sorcerer
 10706 | D:10     | Paralysed by an orc sorcerer for 5 turns
 10724 | D:10     | Killed an orc sorcerer
 10783 | D:10     | Paralysed by a wizard for 2 turns
 10803 | D:10     | Killed a wizard
 10803 | D:10     | Reached skill level 14 in Maces & Flails
 10834 | D:10     | Got a smoking leather armour
 10845 | D:10     | Identified the +3 leather armour "Detoenepta" {+Blink} (You
                  | found it on level 10 of the Dungeon)
 11038 | D:11     | Noticed a white ugly thing
 11285 | D:10     | Killed a white ugly thing
 11384 | D:11     | Noticed a tengu warrior
 11434 | D:10     | Killed a tengu warrior
 11434 | D:10     | Reached XP level 11. HP: 60/61 MP: 11/11
 11481 | D:11     | Found a staircase to the Lair.
 11922 | D:11     | Noticed an orc knight
 11995 | D:11     | Killed an orc knight
 11995 | D:11     | Reached skill level 15 in Maces & Flails
 12657 | Lair:1   | Entered Level 1 of the Lair of Beasts
 12670 | Lair:1   | Noticed Sonja
 12687 | Lair:1   | Killed Sonja
 12954 | Lair:1   | Noticed a five-headed hydra
 12954 | Lair:1   | Noticed a five-headed hydra
 12976 | Lair:1   | Killed a five-headed hydra
 12984 | Lair:1   | HP: 3/61 [five-headed hydra (3)]
 12986 | Lair:1   | Slain by a five-headed hydra

Levels and vault maps discovered:
D:1:      lordsloth_arrival_two_stooges, layout_basic
D:2:      layout_basic, vehumet_crystals, tso_oasis_becter,
          grunt_decor_one_mirror, tgw_fedhas, uniq_robin
D:3:      layout_rooms, ebering_ghost_disaster_area, dk_noncrumbling_3,
          serial_bayou_lake_a
D:4:      layout_basic, first_ration, minivault_4
D:5:      layout_rooms, gammafunk_temple_overflow_elements,
          minmay_temple_entry_junction, uniq_grinder
D:6:      layout_basic, basic_altar, uniq_eustachio
D:7:      layout_loops_corners, uniq_pikel
D:8:      layout_basic, basic_altar
D:9:      layout_roguey, cheibriados_altar_1, zin_statuary, erik_orc_2,
          the_bakery
D:10:     cheibrodos_wizards_tower, layout_loops_cross
D:11:     layout_grid_maze, lair_entry_dummy, nrook_campfire
Temple:   nicolae_temple_elliptical
Lair:1:   layout_long_grid, grunt_megastairs_5, uniq_sonja

Skill      XL: |  1  2  3  4  5  6  7  8  9 10 11 |
---------------+----------------------------------+-----
Maces & Flails | 3 4 5 6 7 9 11 13 14 15 | 15.5
Shields        | 6 8 |  8.2
Fighting       | 4 |  4.2
Armour         | 4 |  4.2

Action                   |  1- 3 |  4- 6 |  7- 9 | 10-12 || total
-------------------------+-------+-------+-------+-------++-------
Melee: Flail             |   126 |   243 |   347 |       ||   716
       Whip              |       |       |   176 |   179 ||   355
       Morningstar       |       |       |       |   111 ||   111
       Mace              |       |       |       |   141 ||   141
  Use: Potion            |       |     1 |     6 |     8 ||    15
       Scroll            |       |       |     8 |     6 ||    14
 Stab: Invisible         |       |       |     3 |       ||     3
  Eat: Chunk             |     1 |     8 |     9 |     8 ||    26
       Ration            |       |       |     3 |     2 ||     5
Armor: Scale mail        |    70 |    94 |       |       ||   164
       Chain mail        |       |    29 |   225 |   202 ||   456
       Skin              |       |       |     6 |       ||     6
Dodge: Dodged            |    47 |    66 |    87 |   103 ||   303
Block: Shield            |    68 |   119 |   171 |   189 ||   547
